 Dungeon Crawl Stone Soup version 0.22-a0-274-gf8199ec (webtiles) character file.

79 grisnicke the Insei (level 3, -3/29 HPs)
             Began as a Demigod Transmuter on Mar 13, 2018.
             Slain by Natasha (8 damage)
             ... on level 2 of the Dungeon.
             The game lasted 00:14:21 (2504 turns).

grisnicke the Insei (Demigod Transmuter)            Turns: 2504, Time: 00:14:22

Health: -3/29      AC:  3    Str: 13    XL:     3   Next: 97%
Magic:  2/8        EV: 12    Int: 19    God:
Gold:   87         SH:  0    Dex: 16    Spells: 0/6 levels left

rFire    . . .     SeeInvis .     - Unarmed
rCold    . . .     Gourm    .   (no shield)
rNeg     . . .     Faith    .   b - +1 robe
rPois    .         Spirit   .   (no helmet)
rElec    .         Reflect  .   (no cloak)
rCorr    .         Harm     .   (no gloves)
MR       .....                  (boots currently unavailable)
Stlth    +.........             (no amulet)
HPRegen  0.09/turn              (no ring)
MPRegen  0.11/turn              (no ring)

@: appendage (expiring), very slightly contaminated, invisible
A: talons 3, high mp 1
a: End Transformation


You were on level 2 of the Dungeon.
You were not hungry.
You had grown temporary talons.
You visited 1 branch of the dungeon, and saw 2 of its levels.

You collected 87 gold pieces.

Inventory:

Hand Weapons
 c - a +0 club
   (You took it off a kobold on level 1 of the Dungeon)
 e - a +0 club
   (You took it off a hobgoblin on level 1 of the Dungeon)
 i - a +0 whip
   (You found it on level 1 of the Dungeon)
 j - a +0 club
   (You took it off a hobgoblin on level 1 of the Dungeon)
 l - a +0 club
   (You took it off a hobgoblin on level 1 of the Dungeon)
 m - a +0 dagger
   (You found it on level 1 of the Dungeon)
 u - a +0 blowgun
   (You found it on level 2 of the Dungeon)
Missiles
 a - 38 arrows
 h - 52 stones (quivered)
 o - 12 sling bullets
Armour
 b - a +1 robe (worn)
 q - a +0 ring mail
   (You found it on level 1 of the Dungeon)
Jewellery
 s - an uncursed amulet of the acrobat {unknown}
   (You found it on level 2 of the Dungeon)
Scrolls
 k - a scroll of enchant armour
 p - a scroll of noise {unknown}
 t - 2 scrolls of identify {unknown}
Potions
 g - a potion of curing {unknown}
 n - a potion of haste {unknown}
Comestibles
 d - 6 rations
 v - 2 chunks of flesh {@w0}


   Skills:
 + Level 1.6 Fighting
 - Level 1.7 Dodging
 * Level 3.5 Unarmed Combat
 + Level 2.1 Spellcasting
 * Level 2.6 Transmutations


You couldn't memorise any spells.
You knew the following spells:

 Your Spells              Type           Power        Failure   Level  Hunger
a - Beastly Appendage     Tmut           ##....       5%          1    #......
c - Spider Form           Tmut/Pois      #.........   28%         3    ###....
s - Sticks to Snakes      Tmut           ##......     9%          2    ##.....


Dungeon Overview and Level Annotations

Branches:
Dungeon (2/15)

Annotations:
D:2 1 runed door, Natasha


Innate Abilities, Weirdness & Mutations

You have an increased reservoir of magic. (+10% MP)
You have claws for feet.


Message History

The adder closely misses you.
Your ball python barely misses Natasha.
Your ball python grabs Natasha.
Your ball python constricts Natasha.
Unknown command.
You hit Natasha. The adder closely misses you. Natasha claws you.
Your ball python bites Natasha.
Your ball python constricts Natasha.
The adder barely misses you. Natasha barely misses you.
Your ball python bites Natasha but does no damage.
Your ball python constricts Natasha.
You take 4 damage, and have 14/28 hp.
You hit Natasha but do no damage. The adder bites you.
Your ball python bites Natasha but does no damage.
Your ball python constricts Natasha.
Natasha claws you.
* * * LOW HITPOINT WARNING * * *
The adder bites you.
* * * LOW HITPOINT WARNING * * *
You take 13 damage, and have 1/28 hp.
MASSIVE DAMAGE!!
You swap places.
Your ball python bites Natasha but does no damage.
Your ball python constricts Natasha.
Your adder bites Natasha.
The adder bites your adder.
Your adder is poisoned.
The adder poisons your adder! Natasha misses your adder.
Your adder barely misses Natasha.
Your ball python barely misses Natasha.
Your ball python constricts Natasha.
The adder misses your adder. Natasha claws your adder.
Okay, then.
You aren't carrying any items that you can evoke.
Unknown command.
As you read the scroll labeled NIKLIB AXEERAI, it crumbles to dust.
It is a scroll of enchant armour.
Your +0 robe glows green for a moment.
You feel yourself speed up.
Your adder dies!
Your ball python bites Natasha but does no damage.
Your ball python constricts Natasha.
Natasha closely misses your ball python.
Your ball python bites the adder.
Your ball python constricts Natasha.
The adder barely misses you.
It was a potion of invisibility.
You fade into invisibility!
Natasha barely misses your ball python.
Your ball python closely misses the adder.
Your ball python constricts Natasha.
The adder bites you but does no damage.
Your ball python bites the adder but does no damage.
Your ball python constricts Natasha.
The adder bites your ball python.
Your ball python dies!
The adder hisses angrily.
It was a potion of heal wounds.
You feel much better.
Natasha mumbles some strange words.
The adder barely misses you.
You regained 22 hp, and now have 23/28 hp.
You catch the helpless adder completely off-guard!
You hit the adder. The adder barely misses you.
You closely miss the adder.
Natasha casts a spell.
The adder closely misses you.
You miss the adder. The adder barely misses you.
You catch the helpless adder completely off-guard!
You hit the adder but do no damage. The adder bites you.
You take 3 damage, and have 21/28 hp.
You catch the helpless adder completely off-guard!
You hit the adder.
The crimson imp shouts!
The adder closely misses you.
You barely miss the adder. The adder closely misses you.
You miss the adder. The adder bites you but does no damage.
You strike the helpless adder from behind!
You hit the adder but do no damage. The adder closely misses you.
You hit the adder but do no damage. The adder barely misses you.
The adder misses you.
You closely miss the adder. The adder misses you.
Casting: Sticks to Snakes (safe; 9% risk of failure)
Your feet morph into talons.
Natasha casts a spell.
The adder bites you but does no damage.
You now have 1/8 mp.
You hit the adder but do no damage. Your kick misses the adder.
The adder closely misses you.
You hit the adder but do no damage. The adder barely misses you.
Natasha hisses.
The adder bites you.
You take 3 damage, and have 18/28 hp.
You closely miss the adder. You claw the adder, but do no damage.
The adder barely misses you.
You hit the adder.
You kill the adder!
You closely miss Natasha. Natasha claws you!
You take 8 damage, and have 11/29 hp.
MASSIVE DAMAGE!!
You closely miss Natasha. Natasha casts a spell at you.
The magic dart hits you!
* * * LOW HITPOINT WARNING * * *
You take 6 damage, and have 5/29 hp.
MASSIVE DAMAGE!!
You closely miss Natasha. Your kick misses Natasha.
Your transformation is almost over.
Natasha claws you!
You die...

## ### .# #.. .#
#.# # .# #.# ##.#
.#
##########.##.....
.#
#...)..@h55..5.#S#
.#
#.########.##....#
.# #.# #.......#
.# ##.## ####...##
## #...# .## #...#
# # #...# # ##.##
##+## # #.####
##...##


You could see an iron imp, Natasha and 2 crimson imps.

Vanquished Creatures
  3 adders (D:2)
  An ooze (D:1)
  A worm (D:2)
  A dart slug (D:1)
  A leopard gecko (D:1)
  4 giant cockroaches
  3 goblins
  6 hobgoblins
  3 jackals
  9 bats
  2 frilled lizards (D:1)
  8 kobolds
  5 rats
47 creatures vanquished.

Vanquished Creatures (collateral kills)
  A jackal (D:2)
1 creature vanquished.

Grand Total: 48 creatures vanquished

Notes
Turn   | Place    | Note
-------+----------+-------------------------------------------
     0 | D:1      | grisnicke the Demigod Transmuter began the quest for the Orb.
     0 | D:1      | Reached XP level 1. HP: 15/15 MP: 5/5
   241 | D:1      | Reached skill level 1 in Fighting
   448 | D:1      | Reached skill level 2 in Transmutations
   616 | D:1      | Reached XP level 2. HP: 23/23 MP: 5/7
   625 | D:1      | Learned a level 2 spell: Sticks to Snakes
   673 | D:1      | Reached skill level 3 in Unarmed Combat
   890 | D:1      | Reached skill level 2 in Spellcasting
   993 | D:1      | Reached XP level 3. HP: 27/28 MP: 6/8
   998 | D:1      | Learned a level 3 spell: Spider Form
  1971 | D:2      | Found a runed door.
  2472 | D:2      | Noticed Natasha
  2481 | D:2      | HP: 6/28 [Natasha (4)]
  2481 | D:2      | HP: 1/28 [adder (5)]
  2503 | D:2      | HP: 5/29 [Natasha/magic dart (6)]
  2504 | D:2      | Slain by Natasha

Vault maps used:
D:1:      lightli_arrival_flooded_house, grunt_decor_arrowhead
D:2:      uniq_crazy_yiuf_cottage, uniq_natasha

Skill      XL: |  1  2 |
---------------+-------+-----
Fighting       | 1 |  1.6
Transmutations | 2 |  2.6
Unarmed Combat | 3 |  3.5
Spellcasting   | 2 |  2.1
Dodging        | |  1.7

Action                   || total
-------------------------++-------
Melee: Unarmed           ||   146
       Headbutt          ||    14
       Kick              ||     5
       Punch             ||     1
Throw: Stone             ||    37
 Cast: Beastly Appendage ||    29
       Sticks to Snakes  ||     6
       Spider Form       ||     1
  Use: Potion            ||     2
       Scroll            ||     1
 Stab: Sleeping          ||     5
       Invisible         ||     4
  Eat: Chunk             ||     6
Armor: Robe              ||    20
Dodge: Dodged            ||    84

Table legend:
 A = Spawn XP
 B = Non-spawn XP
 C = Spawn XP percentage of total XP
 D = Spawn monster count
 E = Non-spawn monster count
 F = Spawn count percentage of total count
 G = Total turns spent on level
                    A         B        C        D         E        F      G
               +---------+---------+-------+---------+---------+-------+---------
         Total |       0 |     114 |   0.0 |       0 |      48 |   0.0 |  2504
               +---------+---------+-------+---------+---------+-------+---------
           D:1 |       0 |      55 |   0.0 |       0 |      30 |   0.0 |  1225
           D:2 |       0 |      59 |   0.0 |       0 |      18 |   0.0 |  1279
               +---------+---------+-------+---------+---------+-------+---------

Vault maps used:
D:1:      lightli_arrival_flooded_house, grunt_decor_arrowhead
D:2:      uniq_crazy_yiuf_cottage, uniq_natasha

Table legend:
 A = Turns spent in this place as a percentage of turns spent in the entire game.
 B = Non-inter-level travel turns spent in this place as a percentage of non-inter-level travel turns spent in the entire game.
 C = Inter-level travel turns spent in this place as a percentage of turns spent in this place.
 D = Turns resting spent in this place as a percentage of non-inter-level travel turns spent in this place.
 E = Turns spent auto-exploring this place as a percentage of non-inter-level travel turns spent in this place.
 F = Non-inter-level travel turns spent in this place divided by the number of levels of this place that you've seen.
                   A       B       C       D       E      F
               +-------+-------+-------+-------+-------+----------------------
         Total | 100.0 | 100.0 |   1.8 |  26.8 |  14.3 | 1229.0
       Dungeon | 100.0 | 100.0 |   1.8 |  26.8 |  14.3 | 1229.0
               +-------+-------+-------+-------+-------+----------------------

Table legend:
 A = Kills in this place as a percentage of kills in entire the game.
 B = Kills by you in this place as a percentage of kills by you in the entire game.
 C = Kills by friends in this place as a percentage of kills by friends in the entire game.
 D = Other kills in this place as a percentage of other kills in the entire game.
 E = Experience gained in this place as a percentage of experience gained in the entire game.
 F = Experience gained in this place divided by the number of levels of this place that you have seen.
                   A       B       C       D       E      F
               +-------+-------+-------+-------+-------+----------------------
         Total | 100.0 | 100.0 | 100.0 |   N/A | 100.0 |  57.0
       Dungeon | 100.0 | 100.0 | 100.0 |   N/A | 100.0 |  57.0
               +-------+-------+-------+-------+-------+----------------------
